 Dungeon Crawl Stone Soup version 0.30-a0-743-gbfdf073431 (webtiles) character file.

Game seed: 11874769635913236982

18 kingofthe the Conjurer (level 2, -1/15 HPs)
             Began as a Deep Elf Conjurer on Feb 5, 2023.
             Shot with a sling bullet by a goblin (6 damage)
             ... led by Robin
             ... on level 2 of the Dungeon.
             The game lasted 00:02:17 (763 turns).

kingofthe the Conjurer (Deep Elf Conjurer)           Turns: 763, Time: 00:02:17

Health: -1/15      AC:  2    Str:  4    XL:     2   Next: 51%
Magic:  1/8        EV: 12    Int: 22    God:
Gold:   35         SH:  0    Dex: 13    Spells: 4/7 levels left

rFire   . . .      SeeInvis .    g - +0 dagger
rCold   . . .      Faith    .    (no shield)
rNeg    . . .      Spirit   .    a - +0 robe
rPois   .          Reflect  .    (no helmet)
rElec   .          Harm     .    (no cloak)
rCorr   .          Rampage  .    (no gloves)
Will    .....                    (no boots)
Stlth   ++                       (no amulet)
HPRegen 0.22/turn                (no ring)
MPRegen 0.11/turn                (no ring)

@: no status effects
A: no striking features
a: no special abilities


You were on level 2 of the Dungeon.
You visited 1 branch of the dungeon, and saw 2 of its levels.

You collected 35 gold pieces.

Inventory:

Hand Weapons
 g - a +0 dagger (weapon)
Armour
 a - a +0 robe (worn)
Jewellery
 c - a +6 ring of dexterity
Scrolls
 e - a scroll of silence {unknown}
 h - a scroll of noise {unknown}
 i - a scroll of magic mapping {unknown}
 j - a scroll of amnesia {unknown}
 k - a scroll of teleportation {unknown}
 m - a scroll of immolation {unknown}
 n - a scroll of fog {unknown}
Potions
 b - a potion of magic
 d - a potion of curing {unknown}
 f - a potion of resistance {unknown}
 l - a potion of brilliance {unknown}


   Skills:
 * Level 3.0 Dodging
 * Level 3.1 Stealth
 + Level 3.2 Spellcasting
 + Level 4.5 Conjurations


You had 4 spell levels left.
You knew the following spells:

 Your Spells              Type           Power      Damage    Failure   Level
a - Magic Dart            Conj           92%        1d7       1%          1
b - Searing Ray           Conj           46%        2d6       2%          2

Your spell library contained the following spells:

 Spells                   Type           Power      Damage    Failure   Level
 Dazzling Flash           Conj/Hex       26%        N/A       14%         3
 Passwall                 Tmut/Erth      2%         N/A       19%         2
 Fulminant Prism          Conj/Hex       6%         3d7       43%         4
 Iskenderun's Mystic Bla  Conj/Tloc      13%        2d5       43%         4
 Summon Forest            Summ/Tloc      1%         N/A       98%         5
 Haunt                    Necr/Summ      1%         N/A       100%        7


Dungeon Overview and Level Annotations

Branches:
Dungeon (1/15)

Altars:


Message History

The goblin shoots a sling bullet.
The sling bullet barely misses you.
The magic dart hits the goblin!
You kill the goblin!
The goblin shoots a sling bullet.
The sling bullet hits you.
The goblin shoots a sling bullet.
The sling bullet closely misses you.
A hobgoblin comes into view.
A goblin comes into view. It is wielding a +0 dagger.
The goblin shouts!
You are too injured to fight recklessly!
You can't go up here!
You can't go up here!
Unknown command.
The goblin shoots a sling bullet.
The sling bullet closely misses you.
The magic dart hits the hobgoblin.
The hobgoblin is severely wounded.
Casting: Magic Dart (safe; 1% risk of failure)
Confirm with . or Enter, or press ? or * to list all spells.
Aiming: Searing Ray (safe; 3% risk of failure)
Press: ? - help, Shift-Dir - straight line, f - goblin, p - hobgoblin
Aim: a goblin, wielding a +0 dagger (heavily wounded, 72% to hit)
The searing ray hits the hobgoblin.
You kill the hobgoblin!
The searing ray hits the goblin!
You kill the goblin! (Press . to maintain the ray.)
The goblin shoots a sling bullet.
The sling bullet barely misses you.
The searing ray hits the goblin.
You kill the goblin!
The searing ray hits the goblin!
You kill the goblin!
The searing ray misses the goblin.
The searing ray hits the goblin!
You kill the goblin!
The goblin shoots a sling bullet.
The sling bullet hits you.
Your Dodging skill increases to level 3!
The searing ray hits the goblin.
You kill the goblin!
You finish channelling your searing ray.
The goblin shoots a sling bullet.
The sling bullet hits you.
You die...

####### #.....# #.###.#
##### #.#.##.#
##...####
###.###.#.#####.......#
..# ##@......)......#
.##.###.#######.#.#...#
#.###.#)##### #.)..#..#
#......)....# #.##.#..#
#.#.#.).....# #.......#
#gg.....# #.......#
#.......# ####.####
#.......# #.#
.###..gg...# ..#


You could see 2 goblins.

Vanquished Creatures
  2 endoplasms (D:1)
  2 hobgoblins
  A quokka (D:1)
  A frilled lizard (D:1)
  8 goblins
  3 kobolds (D:1)
17 creatures vanquished.

Notes
Turn   | Place    | Note
-------+----------+-------------------------------------------
     0 | D:1      | kingofthe the Deep Elf Conjurer began the quest for the
                  | Orb.
     0 | D:1      | Reached XP level 1. HP: 10/10 MP: 6/6
   399 | D:1      | Reached XP level 2. HP: 15/15 MP: 6/8
   502 | D:1      | Learned a level 2 spell: Searing Ray
   658 | D:1      | You fall into a shaft and drop 1 floor!
   713 | D:2      | Got Aplolaple's Guidebook on Summoning and the Boulder
   763 | D:2      | Shot with a sling bullet by a goblin

Illustrated notes

Levels and vault maps discovered:
D:1:      grunt_arrival_crossed_arrows, layout_loops_ring,
          dreamdust_princess_corridor
D:2:      layout_loops_cross, uniq_robin, uniq_jessica, uniq_crazy_yiuf_cottage

Skill      XL: |  1  2 |
---------------+-------+-----
Stealth        | 3 |  3.1
Dodging        | 3 |  3.0
Spellcasting   | |  3.2
Conjurations   | |  4.5

Action                     || total
---------------------------++-------
   Cast: Magic Dart        ||    23
         Searing Ray       ||     1
  Dodge: Dodged            ||     5

Table legend: (Time is in decaauts)
 A = Elapsed time spent in this place.
 B = Non-inter-level travel time spent in this place.
 C = Inter-level travel time spent in this place.
 D = Time resting spent in this place.
 E = Time spent auto-exploring this place.
 F = Levels seen in this place.
 G = Mean time per level.
                   A        B        C        D        E       F      G
               +--------+--------+--------+--------+--------+-----+--------+
         Total |    762 |    743 |     19 |      0 |    672 |   2 |  381.0 |
       Dungeon |    762 |    743 |     19 |      0 |    672 |   2 |  381.0 |
               +--------+--------+--------+--------+--------+-----+--------+

Top non-repeatable levels by time:
     D:1: 657 daAuts
     D:2: 104 daAuts
